 Dungeon Crawl Stone Soup version 0.26-a0-597-gb535b0901c (webtiles) character file.

Game seed: 13803564880596624117

639 HoaS the Twirler (level 7, 0/52 HPs)
             Began as a Formicid Fighter on Aug 27, 2020.
             Was an Initiate of Makhleb.
             Slain by a hippogriff (2 damage)
             ... on level 5 of the Dungeon.
             The game lasted 00:08:51 (3354 turns).

HoaS the Twirler (Formicid Fighter)                 Turns: 3354, Time: 00:08:52

Health: 0/52       AC: 10    Str: 22    XL:     7   Next: 80%
Magic:  0/7        EV:  7    Int:  8    God:    Makhleb [......]
Gold:   210        SH: 10    Dex: 10    Spells: 6/6 levels left

rFire    + . .     SeeInvis +   a - +1 quarterstaff
rCold    . . .     Faith    .   c - +0 kite shield
rNeg     . . .     Spirit   +   k - +0 chain mail
rPois    .         Reflect  .   (helmet unavailable)
rElec    .         Harm     .   f - +0 cloak
rCorr    .                      (no gloves)
MR       .....                  (no boots)
Stlth    ..........             n - amulet of guardian spirit
HPRegen  0.17/turn              m - ring of protection from fire
MPRegen  0.10/turn              (no ring)

@: no status effects
A: permanent stasis, dig shafts and tunnels, four strong arms, antennae 3
a: Dig, Shaft Self, Renounce Religion


You were on level 5 of the Dungeon.
You worshipped Makhleb.
Makhleb was noncommittal.
You visited 2 branches of the dungeon, and saw 6 of its levels.

You collected 210 gold pieces.

Inventory:

Hand Weapons
 a - a +1 quarterstaff (weapon)
Armour
 c - a +0 kite shield (worn)
 f - a +0 cloak (worn)
 k - a +0 chain mail (worn)
Jewellery
 b - an uncursed ring of fire
 h - an uncursed ring of flight
 m - a ring of protection from fire (left hand)
 n - an amulet of guardian spirit (around neck)
Scrolls
 g - a scroll of magic mapping
 i - a scroll of identify
 l - 3 scrolls of remove curse
Potions
 d - a potion of might
 e - 2 potions of curing
 j - 2 potions of lignification
 o - a potion of degeneration {unknown}


   Skills:
 - Level 3.2 Fighting
 * Level 6.7 Staves
 - Level 3.2 Armour
 + Level 6.5 Shields


You had 6 spell levels left.
You didn't know any spells.
Your spell library was empty.

Dungeon Overview and Level Annotations

Branches:
Dungeon (5/15)             Temple (1/1) D:5

Altars:
Ashenzari
Cheibriados
Dithmenos
Elyvilon
Gozag
Hepliaklqana
Kikubaaqudgha
Makhleb
Nemelex Xobeh
Okawaru
Qazlal
Ru
Sif Muna
Uskayaw
Vehumet
Wu Jian
Xom
Yredelemnul
Zin
The Shining One

Annotations:
D:5 Prince Ribbit


Innate Abilities, Weirdness & Mutations

You cannot be hasted, slowed, berserked, paralysed or teleported.
You can dig through walls and to a lower floor.
Your four strong arms can wield two-handed weapons with a shield.
You have a pair of large antennae on your head. (SInv)


Message History

* * * LOW HITPOINT WARNING * * *
The hippogriff claws you.
* * * LOW HITPOINT WARNING * * *
You hit the hippogriff but do no damage.
The hippogriff is severely wounded.
You block the adder's attack. The hippogriff barely misses you.
You block the hippogriff's attack. The hippogriff closely misses you.
The adder bites you but does no damage.
Are you sure you want to shaft yourself?
You block the adder's attack. You block the hippogriff's attack.
The hippogriff pecks you.
* * * LOW HITPOINT WARNING * * *
The hippogriff claws you but does no damage.
You begin to dig a shaft.
You continue digging a shaft.
You block the adder's attack. The hippogriff bites you.
* * * LOW HITPOINT WARNING * * *
The hippogriff pecks you.
* * * LOW HITPOINT WARNING * * *
The hippogriff claws you.
You die...

#.{.(.###.#...
......##...#..#..
....... ##.......##
#.....####..#......#
## .....#....#.......#
..# ...#....###.....#
#..#
#....Fc..##....##...#
##.###HZ...........#
#...@##.........##
#.#S####.##..[#.#
#........###..#
.[.........##..##
...#..............####
# ..
#.................##.#
#...........##........
#...........##........
.................###..


You could see a hippogriff, a centaur, an adder and a leopard gecko skeleton.

Vanquished Creatures
  Grinder (D:4)
  Blork the orc (D:4)
  A howler monkey (D:5)
  A hound (D:4)
  2 orc wizards (D:3)
  2 iguanas (D:5)
  3 worker ants
  4 gnolls (D:2)
  3 adders
  An ooze (D:5)
  An adder zombie (D:4)
  3 worms (D:2)
  5 leopard geckos
  8 orcs
  5 bats
  A giant cockroach (D:5)
  4 goblins
  3 hobgoblins
  2 jackals (D:3)
  2 quokkas
  A ball python (D:5)
  A frilled lizard (D:3)
  4 kobolds
  A leopard gecko skeleton (D:4)
  5 rats
65 creatures vanquished.

Notes
Turn   | Place    | Note
-------+----------+-------------------------------------------
     0 | D:1      | HoaS the Formicid Fighter began the quest for the Orb.
     0 | D:1      | Reached XP level 1. HP: 18/18 MP: 1/1
   280 | D:1      | Reached XP level 2. HP: 23/24 MP: 2/2
   875 | D:2      | Found a basalt altar of Yredelemnul.
   931 | D:2      | Reached XP level 3. HP: 20/29 MP: 3/3
  1083 | D:2      | Found a sacrificial altar of Ru.
  1268 | D:2      | Reached XP level 4. HP: 35/35 MP: 4/4
  1723 | D:3      | Reached XP level 5. HP: 36/41 MP: 5/5
  1797 | D:3      | Reached skill level 5 in Shields
  2280 | D:4      | Reached XP level 6. HP: 43/47 MP: 6/6
  2350 | D:4      | Reached skill level 5 in Staves
  2455 | D:4      | Noticed Blork the orc
  2485 | D:4      | Killed Blork the orc
  2551 | D:4      | Noticed Grinder
  2568 | D:4      | Killed Grinder
  2568 | D:4      | Reached XP level 7. HP: 24/52 MP: 7/7
  2905 | D:4      | Found a glowing golden altar of the Shining One.
  3001 | D:5      | Entered Level 5 of the Dungeon
  3144 | D:5      | Found a staircase to the Ecumenical Temple.
  3151 | Temple   | Entered the Ecumenical Temple
  3316 | Temple   | Became a worshipper of Makhleb the Destroyer
  3327 | D:5      | Noticed a hippogriff
  3327 | D:5      | Noticed Prince Ribbit
  3354 | D:5      | HP: 2/52 [hippogriff (4)]
  3354 | D:5      | Slain by a hippogriff

Illustrated notes

Levels and vault maps discovered:
D:1:      dpeg_arrival_fog, layout_loops_corners
D:2:      layout_loops_ring, old_standard_altar, yredelemnul_altar_generic
D:3:      layout_basic
D:4:      layout_rooms, tso_altar, uniq_grinder, uniq_blork_the_orc
D:5:      layout_cave_pools, fedhas_bush_and_centaur_altar,
          minmay_temple_entry_wispy, grunt_dithmenos_smoke_and_mirrors,
          uniq_prince_ribbit1
Temple:   regret_index_temple_mists

Skill      XL: |  1  2  3  4  5  6 |
---------------+-------------------+-----
Shields        | 4 5 6 |  6.5
Staves         | 3 4 6 |  6.7
Fighting       | |  3.2
Armour         | |  3.2

Action                   |  1- 3 |  4- 6 |  7- 9 || total
-------------------------+-------+-------+-------++-------
Melee: Quarterstaff      |    60 |   167 |    65 ||   292
 Abil: Shaft Self        |       |       |     1 ||     1
  Use: Scroll            |     6 |     4 |     2 ||    12
Armor: Scale mail        |    26 |     4 |       ||    30
       Chain mail        |       |    63 |    43 ||   106
Dodge: Dodged            |    22 |    33 |    20 ||    75
Block: Kite shield       |    25 |    83 |    55 ||   163

Table legend: (Time is in decaauts)
 A = Elapsed time spent in this place.
 B = Non-inter-level travel time spent in this place.
 C = Inter-level travel time spent in this place.
 D = Time resting spent in this place.
 E = Time spent auto-exploring this place.
 F = Levels seen in this place.
 G = Mean time per level.
                   A        B        C        D        E       F      G
               +--------+--------+--------+--------+--------+-----+--------+
         Total |   3450 |   3350 |    100 |    301 |   2310 |   6 |  575.0 |
       Dungeon |   3213 |   3126 |     87 |    301 |   2111 |   5 |  642.6 |
        Temple |    236 |    224 |     12 |      0 |    199 |   1 |  236.0 |
               +--------+--------+--------+--------+--------+-----+--------+

Top non-repeatable levels by time:
     D:1: 778 daAuts
     D:3: 763 daAuts
     D:4: 752 daAuts
     D:2: 742 daAuts
  Temple: 236 daAuts
     D:5: 177 daAuts
